 Dungeon Crawl Stone Soup version 0.31-a0-408-gb642c7f9a3 (webtiles) character file.

Game seed: 4351781235930128184

81 arthad the Digger (level 4, -5/25 HPs)
             Began as a Gargoyle Earth Elementalist on July 29, 2023.
             Constricted to death by Ijyb (7 damage)
             ... on level 3 of the Dungeon.
             The game lasted 00:03:52 (1911 turns).

arthad the Digger (Gargoyle Earth Elementalist)     Turns: 1911, Time: 00:03:53

Health: -5/25      AC:  5    Str: 12    XL:     4   Next: 40%
Magic:  6/8        EV:  9    Int: 17    God:
Gold:   112        SH:  0    Dex: 10    Spells: 7/8 levels left

rFire   . . .        (no weapon)
rCold   . . .        (no shield)
rNeg    + . .        a - +0 robe
rPois   ∞            (no helmet)
rElec   +            (no cloak)
rCorr   .            (no gloves)
SInv    .            (no boots)
Will    .....        (no amulet)
Stlth   ++           (no ring)
HPRegen 0.24/turn    (no ring)
MPRegen 0.11/turn

%: no passive effects
@: grasped by roots, constricted
A: sickness immunity, AC +3, negative energy resistance 1, electricity
resistance, torment resistance 1, petrification resistance
a: no special abilities


You were on level 3 of the Dungeon.
You visited 1 branch of the dungeon, and saw 3 of its levels.

You collected 112 gold pieces.

Inventory:

Missiles
 j - 6 poisoned darts
Armour
 a - a +0 robe (worn)
Scrolls
 d - a scroll of identify {unknown}
Potions
 c - 2 potions of heal wounds {unknown}
 e - 2 potions of lignification {unknown}
 f - a potion of haste {unknown}
 g - a potion of brilliance {unknown}
 h - a potion of degeneration {unknown}
 i - a potion of curing {unknown}


   Skills:
 + Level 1.1 Fighting
 + Level 1.1 Armour
 + Level 1.9 Dodging
 + Level 2.5 Stealth
 * Level 2.6 Spellcasting
 + Level 1.2 Transmutations
 * Level 4.3 Earth Magic


You had 7 spell levels left.
You knew the following spells:

 Your Spells              Type           Power      Damage    Failure   Level
a - Sandblast             Erth           32%        2d9       3%          1

Your spell library contained the following spells:

 Spells                   Type           Power      Damage    Failure   Level
 Passwall                 Tmut/Erth      9%         N/A       9%          2
 Stone Arrow              Conj/Erth      18%        3d8       22%         3
 Petrify                  Tmut/Erth      11%        N/A       50%         4


Dungeon Overview and Level Annotations

Branches:
Dungeon (3/15)

Altars:

Shops:
D:1 :

Annotations:
D:3 Ijyb


Innate Abilities, Weirdness & Mutations

You are immune to sickness and miasma.
Your stone body is resilient. (AC +3)
You are immune to poison.
You resist negative energy. (rN+)
You are resistant to electric shocks. (rElec)
You are resistant to unholy torment.
You are immune to petrification.


Message History

You kill the quokka!
Ijyb misses you.
The blast of sand hits Ijyb.
Ijyb is lightly wounded.
Ijyb closely misses you.
The blast of sand hits Ijyb.
Ijyb is moderately wounded.
Ijyb hits you with a +0 dagger.
Ijyb zaps a wand.
The roots erupt in riotous growth!
The grasping roots grab you!
Ijyb is unaffected.
The grasping roots constrict you.
The blast of sand hits Ijyb.
Ijyb is heavily wounded.
Ijyb closely misses you. The grasping roots constrict you.
The grasping roots release their grip on you.
Magic courses through your body.
Ijyb zaps a wand.
The roots erupt in riotous growth!
The grasping roots grab you!
Ijyb is unaffected.
The grasping roots constrict you.
You are too injured to fight recklessly!
You are too injured to fight recklessly!
You are too injured to fight recklessly!
Aiming: Sandblast (safe; 3% risk of failure)
Press: ? - help, Q - select action, (/) - cycle Shift-Dir - straight line, f/p - Ijyb
Aim: Ijyb, wielding a +0 dagger, wearing a +0 leather armour and carrying a wand of roots (heavily wounded, 77% to hit)
The blast of sand hits Ijyb but does no damage.
Ijyb is heavily wounded.
Ijyb barely misses you. The grasping roots constrict you.
* * * LOW HITPOINT WARNING * * *
Ijyb barely misses you. The grasping roots constrict you.
* * * LOW HITPOINT WARNING * * *
Aiming: Sandblast (safe; 3% risk of failure)
Press: ? - help, Q - select action, (/) - cycle Shift-Dir - straight line, f/p - Ijyb
Aim: Ijyb, wielding a +0 dagger, wearing a +0 leather armour and carrying a wand of roots (heavily wounded, 77% to hit)
The blast of sand hits Ijyb but does no damage.
Ijyb is heavily wounded.
Ijyb hits you with a +0 dagger.
* * * LOW HITPOINT WARNING * * *
The grasping roots constrict you!
You die...

#.# #####.#.#
#...#.#.# #.#.#.#.#
#.#.#.#.# ###.#.#.#.#
...# #.......#.# ...#
.#......##.##....##
...~)......@<..).....
...~P.....g####.)..#
..~~♣♣####.#.)....##
...~ #.#.#>#.#.#. ...
#........... ..
#####†#.#.#? ... .#.#
...rg


You could see Ijyb.

Vanquished Creatures
  4 adders
  2 worms
  A dart slug (D:1)
  3 ball pythons
  3 endoplasms
  A giant cockroach (D:2)
  6 hobgoblins
  4 quokkas
  4 bats
  2 goblins
  5 kobolds
  2 rats (D:3)
37 creatures vanquished.

Notes
Turn   | Place    | Note
-------+----------+-------------------------------------------
     0 | D:1      | arthad the Gargoyle Earth Elementalist began the quest for
                  | the Orb.
     0 | D:1      | Reached XP level 1. HP: 10/10 MP: 3/3
   350 | D:1      | Reached XP level 2. HP: 11/15 MP: 0/5
   732 | D:1      | Found Miryomann's Vocational Training.
   737 | D:1      | Reached skill level 1 in Transmutations
   981 | D:2      | Found a faded altar of an unknown god.
  1054 | D:2      | Reached skill level 4 in Earth Magic
  1054 | D:2      | Reached XP level 3. HP: 20/20 MP: 4/6
  1227 | D:2      | Reached skill level 1 in Armour
  1375 | D:2      | Reached XP level 4. HP: 24/24 MP: 3/7
  1814 | D:3      | Reached skill level 1 in Fighting
  1890 | D:3      | Noticed Ijyb
  1911 | D:3      | Constricted to death by Ijyb

Illustrated notes

Levels and vault maps discovered:
D:1:      psy_arrival_whirlpool, layout_basic, nicolae_shop_vocational
D:2:      layout_basic, hellmonk_ecumenical_altar_lost_god
D:3:      layout_basic, nicolae_hepliaklqana_monster_ancestors,
          mainiacjoe_overflow_alcove_1, serial_bayou, serial_bayou_ford_a,
          serial_bayou_shore_a, serial_bayou_pond_c, serial_bayou_pond_e,
          st_stairs_9, minmay_snake_closets, uniq_ijyb

Skill      XL: |  1  2  3  4 |
---------------+-------------+-----
Transmutations | 1 |  1.2
Earth Magic    | 4 |  4.3
Armour         | 1 |  1.1
Fighting       | 1 |  1.1
Dodging        | |  1.9
Stealth        | |  2.5
Spellcasting   | |  2.6

Action                     |  1- 3 |  4- 6 || total
---------------------------+-------+-------++-------
  Melee: Unarmed           |     9 |       ||     9
   Cast: Sandblast         |    36 |    22 ||    58
    Use: Potion            |       |     1 ||     1
 Armour: Robe              |     6 |     3 ||     9
  Dodge: Dodged            |    12 |    10 ||    22

Table legend: (Time is in decaauts)
 A = Elapsed time spent in this place.
 B = Non-inter-level travel time spent in this place.
 C = Inter-level travel time spent in this place.
 D = Time resting spent in this place.
 E = Time spent auto-exploring this place.
 F = Levels seen in this place.
 G = Mean time per level.
                   A        B        C        D        E       F      G
               +--------+--------+--------+--------+--------+-----+--------+
         Total |   1940 |   1901 |     39 |      2 |   1686 |   3 |  646.7 |
       Dungeon |   1940 |   1901 |     39 |      2 |   1686 |   3 |  646.7 |
               +--------+--------+--------+--------+--------+-----+--------+

Top non-repeatable levels by time:
     D:1: 956 daAuts
     D:2: 877 daAuts
     D:3: 106 daAuts
